[Event "15e Open International de Quenza"]
[Site "Quenza"]
[Date "2026.07.05"]
[Round "9.2"]
[White "LAGARDE, Maxime"]
[Black "PAKLEZA, Zbigniew"]
[Result "1-0"]
[TimeControl "5min+3s"]
[WhiteTitle "GM"]
[BlackTitle "GM"]
[WhiteFideId "-"]
[BlackFideId "-"]
[WhiteElo "2583"]
[BlackElo "2453"]

1. e4 d5 2. exd5 Nf6 3. d4 Nxd5 4. Nf3 Bg4 5. Be2 e6 6. O-O Be7 7. h3 Bh5 8. Re1 O-O 9. Ne5 Bxe2 10.
Qxe2 Nd7 11. c4 N5f6 12. Nf3 Re8 13. Nc3 c6 14. Bf4 Qa5 15. a3 Qf5 16. Bg3 h6 17. Rad1 a6 18. Rd3 Rad8 19.
Re3 Bf8 20. b4 b5 21. Ne5 Rc8 22. Rf3 Qh7 23. c5 Nxe5 24. dxe5 Nd5 25. Ne4 Rc7 26. Bf4 Ra8 27. Bd2 Be7 28. Rb1 Rd7 29. Rbb3 Rad8 30.
Rg3 Kh8 31. Rbf3 f5 32. exf6 Nxf6 33. Nxf6 Bxf6 34. Rxf6 gxf6 35. Qxe6 Rg7 36. Bc3 Rd1+ 37. Kh2 Rxg3 38. fxg3 Qd7 39. Qxf6+ Kg8 40. Be5 Rd5 41. Qg6+ Kf8 42. Bd6+ Rxd6 43. cxd6 h5 44. Qf6+ Kg8 45. Kg1 a5 46. bxa5 c5 47. a6 b4 48. axb4 cxb4 49. Qe7 Qb5 50. d7 1-0

[Event "15e Open International de Quenza"]
[Site "Quenza"]
[Date "2026.07.05"]
[Round "9.16"]
[White "TANNOUS BONELLI, Maxime"]
[Black "ROUBERT, Emile"]
[Result "0-1"]
[TimeControl "5min+3s"]
[WhiteTitle "-"]
[BlackTitle "-"]
[WhiteFideId "-"]
[BlackFideId "-"]
[WhiteElo "1802"]
[BlackElo "2021"]

1. e4 e5 2. Nf3 Nc6 3. Bc4 Nf6 4. d3 Bc5 5. Nc3 d6 6. Be3
Bxe3 7. fxe3 a6 8. O-O Na5 9. Bb3 Nxb3 10. axb3 O-O 11. h3 Re8 12. Qd2 d5 13. Nxd5 Nxd5 14. exd5 Qxd5 15. e4 Qc5+ 16. Qf2 Qxf2+ 17. Rxf2 c5 18. Nd2 Be6 19. Nc4 Bxc4 20. bxc4 f6 21. Rff1 Red8 22. Ra5 b6 23. Ra3 a5 24. Rb3 Rd6 25. Ra3 Kf7 26. Kf2 Ke6 27. Ke3 g6 28. Raa1 f5 29. exf5+ gxf5 30. b3 Rg8 31. Rf2 Rg3+ 32. Ke2 Rd4 33. Rg1 e4 34. dxe4 fxe4 35. Rd1 Rc3 36. Rc1 Ke5 37. Rf8 Rd6 38. Re8+ Re6 39. Rxe6+ Kxe6 40. Kd2 Rg3 41. Rg1 Ke5 42. Ke2 Kd4 43. Kf2 Rc3 44. Rd1+ Ke5 45. Rc1 Kf4 46. Kf1 a4 47. bxa4 Rxc4 48. Kf2 Rxa4 49. g3+ Ke5 50. c3 b5 51. Ke3 Ra3 52. Kd2 b4 53. cxb4 cxb4
54. Rb1 Rxg3 55. Rxb4 Rxh3 56. Rb8 h5 57. Re8+ Kf4 58. Rf8+ Kg3 59. Ke3 Rh4 60. Rg8 Kh3 61. Kf2 Rg4 62. Rh8 h4 63. Ra8 Rg3 64. Ra4 e3+ 65. Ke2 Rg4 66. Ra3 Re4 67. Kf3 Re7 68. Ra1 Kh2 69. Re1 e2 70. Kf2 Rf7+ 71. Ke3 Kg3 72. Rg1 Kh2 73. Re1 Re7+ 74. Kf2 h3 75. Kf3 Rf7+ 76. Ke3 Rf6 77. Rxe2+ Kg3 78. Kd3 h2 79. Re1 Kg2 80. Re2+ Rf2 0-1

[Event "15e Open International de Quenza"]
[Site "Quenza"]
[Date "2026.07.05"]
[Round "9.9"]
[White "BATSIASHVILI, Nino"]
[Black "FRESSINET, Laurent"]
[Result "0-1"]
[TimeControl "5min+3s"]
[WhiteTitle "GM"]
[BlackTitle "GM"]
[WhiteFideId "-"]
[BlackFideId "-"]
[WhiteElo "2306"]
[BlackElo "2565"]

1. d4 Nf6 2. c4 e6 3. Nc3 Bb4 4. Nf3 d5 5. Qa4+ Nc6 6. a3 Bxc3+ 7. bxc3 Ne4 8. e3 O-O 9. Bd3 Nxc3 10. Qc2 Ne4 11. Bxe4 dxe4 12.
Qxe4 Na5 13. Qc2 c5 14. Bb2 cxd4 15. exd4 Bd7 16. h4 Rc8 17. Ng5 f5 18. c5 h6 19. Nh3 Qxh4 20. Qc3 b6 21.
O-O Rf7 22. Rfe1 Nc6 23. Qf3 Nxd4 24. Bxd4 Qxd4 25. cxb6 Qxb6 26. Nf4 Qc6 27. Qe3 Qc5 28. Nxe6 Qxe3 29. Rxe3 f4 30. Ree1 f3 31. gxf3 Rxf3 32. Nd4 Rf4 33. Rad1 Bg4 34. Rd3 Rd8 35. f3 Rfxd4 36. Rxd4 Rxd4 37. fxg4 Rxg4+ 38. Kf2 Ra4 39. Re3 Kh7 40. Kg3 g5 41. Rc3 Kg6 42. Kh3 Rd4 43. Rc6+ Kh5 44. Ra6 g4+ 45. Kg2 Rd2+ 46. Kg3 Rd3+ 47. Kg2 Kg5 48. Rxa7 h5 49. a4 Kh4 50. Rb7 Rd2+ 51. Kg1 Ra2 52. Rb4 Kh3 53. Rb5 h4 54. a5 g3 0-1

[Event "15e Open International de Quenza"]
[Site "Quenza"]
[Date "2026.07.05"]
[Round "9.5"]
[White "TERNAULT, Mathieu"]
[Black "SUMETS, Andrey"]
[Result "0-1"]
[TimeControl "5min+3s"]
[WhiteTitle "FM"]
[BlackTitle "GM"]
[WhiteFideId "-"]
[BlackFideId "-"]
[WhiteElo "2188"]
[BlackElo "2470"]

1. d4 Nf6 2. Nf3 d5 3. c3 e6 4.
Bg5 Be7 5. Nbd2 Nbd7 6. e3 b6 7. Ne5 Nxe5 8. dxe5 Nd7 9. Bf4 Bb7 10. h4 h5 11. Nf3 c5 12. Ng5 Qc7 13. Qf3 d4 14.
Qg3 dxc3 15. bxc3 c4 16. Be2 Nc5 17.
O-O Nd3 18. Rfd1 Rd8 19. Bf3 Bxf3 20. Qxf3 Bxg5 21. hxg5 g6 22. a4 O-O 23. Rdb1 Rd5 24. Rb5 Rfd8 25. Rxd5 Rxd5 26. Bg3 Qe7 27.
a5 Rxa5 28. Rxa5 bxa5 29. Qa8+ Kg7 30. Qc6 Qc5 31. Qd7 Qd5 32. Qe7 a4 33. Qxa7 Ne1 34.
Qe7 Qxg2# 0-1

[Event "15e Open International de Quenza"]
[Site "Quenza"]
[Date "2026.07.05"]
[Round "9.1"]
[White "TREGUBOV, Pavel V."]
[Black "MAURIZZI, Marc Andria"]
[Result "0-1"]
[TimeControl "5min+3s"]
[WhiteTitle "GM"]
[BlackTitle "GM"]
[WhiteFideId "-"]
[BlackFideId "-"]
[WhiteElo "2391"]
[BlackElo "2556"]

1. d4 Nf6 2. c4 e6 3. Nc3 d5 4.
Bg5 Nbd7 5. e3 c6 6. Nf3 Be7 7. Bd3 h6 8. Bh4 O-O 9. O-O dxc4 10. Bxc4 b5 11. Bd3 Bb7 12. e4 b4 13. Na4 c5 14. e5 Nd5 15. Bg3 Rc8 16. Qe2 Qa5 17. Nxc5 Nxc5 18.
dxc5 Qxc5 19. h4 Nb6 20. Bf4 Rfd8 21. Rac1 Qa5 22. Bb1 Qa6 23. Qe3 Nc4 24. Qb3 Qb5 25. Qc2 g6 26. Qe2 Bxf3 27. Qxf3 Nxe5 28. Qg3 Rxc1 29.
Rxc1 Nd3 30. Rd1 Nxf4 31. Rxd8+ Bxd8 32. Qxf4 h5 33.
g3 Bb6 34. Kg2 Qd5+ 35. Qe4 Qd2 36. Qc2 Qe1 37. Kf3 a5 38. b3 Bxf2 39. Qxf2 Qxb1 40. Qd2 Qf5+ 41. Ke3 Qe5+ 42. Kf2 Kg7 43. Qc2 0-1

[Event "15e Open International de Quenza"]
[Site "Quenza"]
[Date "2026.07.05"]
[Round "9.7"]
[White "KJARTANSSON, Gudmundur"]
[Black "KOSTENIUK, Alexandra"]
[Result "0-1"]
[TimeControl "5min+3s"]
[WhiteTitle "GM"]
[BlackTitle "GM"]
[WhiteFideId "-"]
[BlackFideId "-"]
[WhiteElo "2367"]
[BlackElo "2392"]

1. d4 Nf6 2. c4 e6 3. Nf3 Bb4+
4. Nbd2 O-O 5. a3 Be7 6. e4 d6 7. Bd3 Nfd7 8. O-O e5 9. b4 exd4 10. Nxd4 Bf6 11. N2b3 c5 12. Nb5 Bxa1 13. Nxa1 Ne5 14. Be2 Nbc6 15.
Nc2 cxb4 16. axb4 a5 17. bxa5 Nxa5 18. Ne3 Be6 19. Nxd6 Qc7 20. f4 Nexc4 21. e5 Nxd6 22. exd6 Qb6 23. f5 Bb3 24. Qd2 Rfd8 25.
Ba3 Nc4 26. Bxc4 Bxc4 27. Ra1 Rxd6 28. Qf2 Qd4 29. Re1 Rxa3 30. Nxc4 Qxf2+ 31. Kxf2 Ra2+ 32. Kf3 Rd3+ 33. Ke4 Rd8 34. Kf3 b5 35. Ne3 f6 36. Rb1 Ra3 0-1

[Event "15e Open International de Quenza"]
[Site "Quenza"]
[Date "2026.07.05"]
[Round "9.12"]
[White "TERRIEUX, Kevin"]
[Black "APPIETTO, Andria"]
[Result "0-1"]
[TimeControl "5min+3s"]
[WhiteTitle "IM"]
[BlackTitle "-"]
[WhiteFideId "-"]
[BlackFideId "-"]
[WhiteElo "2451"]
[BlackElo "1815"]

1. e4 c5 2. Nf3 Nc6 3. Bb5 g6 4. O-O Nf6 5. e5 Nd5 6. Nc3 Nc7 7. Bxc6 dxc6 8. Ne4 b6 9. Re1 Bg7 10. Nf6+ Kf8 11. Ne4 Bg4 12. d3 Kg8 13. h3 Bxf3 14. Qxf3 Ne6 15. Ng5 Nxg5 16.
Bxg5 h6 17. Bh4 Qe8 18. c3 Rd8 19.
e6 f6 20. Bg3 Kh7 21. a4 a5 22. Bc7 Rd5 23. Bxb6 Qb8 24. c4 Re5 25. Qxc6 Rc8 26. Qd7 Re8 27. Rxe5 fxe5 28. Rf1 Rf8 29. Bxc5 Qxb2 30. Bxe7 Rf4 31.
Bc5 e4 32. e7 e3 33. Bxe3 0-1

[Event "15e Open International de Quenza"]
[Site "Quenza"]
[Date "2026.07.05"]
[Round "9.8"]
[White "WEBB, Laurence E"]
[Black "RELANGE, Eloi"]
[Result "0-1"]
[TimeControl "5min+3s"]
[WhiteTitle "FM"]
[BlackTitle "GM"]
[WhiteFideId "-"]
[BlackFideId "-"]
[WhiteElo "2200"]
[BlackElo "2416"]

1. e4 c5 2. Nf3 Nc6 3. Bb5 g6 4. O-O Bg7 5. Re1 Nf6 6. e5 Nd5 7. Nc3 Nc7 8. Bxc6 dxc6 9. Ne4 b6 10. Nf6+ Kf8 11. Ne4 Ne6 12. d3 h6 13. h3 a5 14.
a4 Ra7 15. Qe2 Kg8 16. b3 Qd5 17. Bb2 Nd4 18. Bxd4 cxd4 19. Ng3 Be6 20. Nd2 Kh7 21. f4 Re8 22. Rf1 f5 23. exf6 exf6 24.
f5 Bf7 25. Nde4 Qe5 26. Qf3 g5 27. Rae1 Qd5 28. Nh5 Qd8 29. Nxg7 Kxg7 30. Ng3 Bd5 31. Qf2 c5 32. Rxe8 Qxe8 33.
Re1 Re7 34. Rxe7+ Qxe7 35. Qe2 Qe5 36. Qf2 Bc6 37. Nh5+ Kf7 38. Ng3 Qd5 39. Qe2 Kf8 40. Ne4 Qxf5 41. Ng3 Qe5 42. Kf2 Qxe2+ 43. Nxe2 Kf7 44. g3 f5 45. h4 Kf6 46. hxg5+ hxg5 47. Ng1 b5 48. axb5 Bxb5 0-1

[Event "15e Open International de Quenza"]
[Site "Quenza"]
[Date "2026.07.05"]
[Round "9.14"]
[White "GERONIMI, Paul-Antoine"]
[Black "DELADERRIERE, Calypso"]
[Result "0-1"]
[TimeControl "5min+3s"]
[WhiteTitle "-"]
[BlackTitle "-"]
[WhiteFideId "-"]
[BlackFideId "-"]
[WhiteElo "1844"]
[BlackElo "2074"]

1. e4 c5 2. Nf3 e6 3.
d4 cxd4 4. Nxd4 a6 5. Be3 Nf6 6. Nc3 Qc7 7.
Bd3 b5 8. a4 b4 9. Nce2 Bb7 10. f3 Be7 11. Qd2 O-O 12. a5 d5 13. exd5 Bxd5 14. Nb3 Nbd7 15. O-O Rfd8 16. Rfc1 Qb7 17.
Ned4 Ne5 18. Qf2 Bxb3 19. Nxb3 Nxd3 20. cxd3 Rxd3 21. Nc5 Bxc5 22. Bxc5 Rad8 23. Bb6 R8d7 24. Qg3 h6 25. Rc7 Rd1+ 26. Rxd1 Rxd1+ 27. Kf2 Qd5 28. Be3 Qd3 29. Rc8+ Kh7 30. Qb8 Qf1+ 31. Kg3 Nh5+ 32. Kh3 Qd3 33. Rh8+ Kg6 34. Qe5 Re1 35. g4 Nf6 36. Qc5 Rxe3 37. Qxb4 Rxf3+ 38. Kg2 Qe2+ 39.
Kh1 Rf1# 0-1

[Event "15e Open International de Quenza"]
[Site "Quenza"]
[Date "2026.07.05"]
[Round "9.6"]
[White "MAZE, Sebastien"]
[Black "YANKELEVICH, Lev"]
[Result "1-0"]
[TimeControl "5min+3s"]
[WhiteTitle "GM"]
[BlackTitle "GM"]
[WhiteFideId "-"]
[BlackFideId "-"]
[WhiteElo "2455"]
[BlackElo "2373"]

1. e4 e5 2. Nf3 Nc6 3.
Bb5 a6 4. Ba4 Nf6 5. Nc3 b5 6. Bb3 Bc5 7. a4 b4 8. Nd5 h6 9. Nxf6+ Qxf6 10. Bd5 Rb8 11. O-O Ne7 12. Bb3 d6 13. Ne1 Ng6 14.
d3 h5 15. Be3 h4 16. Qd2 Nf4 17. Bxc5 dxc5 18. Qe3 Rh5 19. Kh1 Rg5 20. g3 Bh3 21. gxf4 Bxf1 22. fxg5 Qg6 23. Nf3 Bh3 24.
Nxe5 Qd6 25. Nxf7 Qd7 26. Ne5 Qc8 27. f4 Be6 28. f5 Bxb3 29. cxb3 Qd8 30. Qxc5 Rb6 31. Qc4 Ke7 32. Qf7+ 1-0

[Event "15e Open International de Quenza"]
[Site "Quenza"]
[Date "2026.07.05"]
[Round "9.10"]
[White "TOMASI, Albert"]
[Black "BRODOWSKI, Piotr"]
[Result "1-0"]
[TimeControl "5min+3s"]
[WhiteTitle "FM"]
[BlackTitle "IM"]
[WhiteFideId "-"]
[BlackFideId "-"]
[WhiteElo "2235"]
[BlackElo "2435"]

1. e4 g6 2. d4 Bg7 3. Nf3 d6 4. Be3 a6 5. Nc3 Nd7 6. Qd2 b5 7. h4 h6 8. Bd3 Bb7 9. O-O-O Nb6 10. e5 e6 11. Qe2 Ne7 12.
Kb1 Ned5 13. Nxd5 Bxd5 14. Bf4 Qd7 15. Rhg1 O-O-O 16. Nd2 Qc6 17. b3 Qb7 18. f3 c5 19. exd6 Bxd4 20. Rge1 e5 21.
Bg3 Rhe8 22. h5 Rxd6 23. Ne4 Qc7 24. Nxd6+ Qxd6 25. Qd2 c4 26. Be4 c3 27. Qxd4 Na4 28. Qxd5 Qa3 29. Qb7# 1-0

[Event "15e Open International de Quenza"]
[Site "Quenza"]
[Date "2026.07.05"]
[Round "9.15"]
[White "LOVICHI, Raphael"]
[Black "UTRERA, Ludovic"]
[Result "0-1"]
[TimeControl "5min+3s"]
[WhiteTitle "-"]
[BlackTitle "-"]
[WhiteFideId "-"]
[BlackFideId "-"]
[WhiteElo "1824"]
[BlackElo "2067"]

1. e4 c6 2. Nf3 d5 3. Nc3 dxe4 4. Nxe4 Nf6 5. Qe2 Nxe4 6. Qxe4 Nd7 7. Bc4 Nf6 8. Ne5 e6 9. Qe3 Bd6 10. d4 O-O 11.
O-O Re8 12. Qf3 Qc7 13. Re1 c5 14. Bg5 Nd5 15. Bb5 Rf8 16. Ng4 cxd4 17. Bd3 f5 18. Qh3 Bf4 19. Bh4 fxg4 20. Qxg4 e5 21. Qh5 g6 22. Qf3 0-1

[Event "15e Open International de Quenza"]
[Site "Quenza"]
[Date "2026.07.05"]
[Round "9.17"]
[White "DELADERRIERE, Helio"]
[Black "BERNARDI, Nicolas"]
[Result "1/2-1/2"]
[TimeControl "5min+3s"]
[WhiteTitle "-"]
[BlackTitle "-"]
[WhiteFideId "-"]
[BlackFideId "-"]
[WhiteElo "2015"]
[BlackElo "1739"]

1. d4 d5 2. c4 e6 3. Nf3 Nf6 4. g3 Nbd7 5. Bg2 Be7 6. O-O O-O 7. Nc3 c6 8. Qc2 Re8 9. e4 dxe4 10. Nxe4 Nxe4 11. Qxe4 Nf6 12. Qc2 h6 13. Bf4 c5 14. Rad1 Qb6 15. Rfe1 Bd7 16. b3 Bc6 17. Be5 Rad8 18. Qc3 cxd4 19. Bxd4 Bc5 20. Bxc5 Qxc5 21. b4 Qb6 22. Ne5 Bxg2 23. Kxg2 Ne4 24. Qc2 Nf6 25. a3 Rxd1 26. Rxd1 Rd8 27. c5 Qc7 28. Rxd8+ Qxd8 29. Qd3 Qxd3 30. Nxd3 Kf8 31. f4 Ke7 32. Kf3 Nd5 33. Ke4 Nc3+ 34. Kd4 Nb5+ 35. Ke4 Nxa3 36. f5 Nb5 37. g4 Nc3+ 38. Kd4 Nd5 39. b5 Nc7 40. b6 axb6 41. cxb6 Nd5 42. Kc5 Nxb6 43.
Kxb6 exf5 44. gxf5 Kf6 45. Kxb7 Kxf5 46. Kc6 Ke4 47. Nc5+ Ke5 48. Nd7+ Kf4 49. Kd5 Kg4 50. Ne5+ Kh3 51. Nxf7 Kxh2 52. Ke4 Kh3 53. Kf5 Kh4 54. Kg6 h5 55. Ne5 Kg3 56. Kxh5 g5 57. Kxg5 1/2-1/2

[Event "15e Open International de Quenza"]
[Site "Quenza"]
[Date "2026.07.05"]
[Round "9.13"]
[White "BENZIDI, Lyad"]
[Black "BONELLI MAESTRACCI, Pierre Joseph"]
[Result "0-1"]
[TimeControl "5min+3s"]
[WhiteTitle "-"]
[BlackTitle "-"]
[WhiteFideId "-"]
[BlackFideId "-"]
[WhiteElo "1846"]
[BlackElo "2205"]

1. d4 Nf6 2. Nf3 b6 3. c4 Bb7 4.
e3 d6 5.
Nc3 Nbd7 6. Bd3 g6 7. O-O Bg7 8.
e4 e5 9. d5 O-O 10. Be3 Nh5 11.
b4 a5 12. a3 Nf4 13. c5 axb4 14. c6 bxc3 15. cxb7 Ra7 16. Bb5 Rxb7 17. Qc2 Nc5 18. Bxc5 bxc5 19. Bc4 f5 20. g3 fxe4 21. Qxe4 Nh3+ 22. Kg2 Ng5 23.
Nxg5 Qxg5 24. Rac1 Qd2 25. Qc2 Rb2 26. Qxd2 cxd2 27. Rb1 e4 28. Rxb2 Bxb2 29. Rd1 Bc3 30. a4 Ra8 31. Bb5 Kg7 32. Kf1 Kf6 33. Ke2 Ke5 34. Bc6 Rb8 35. f3 exf3+ 36. Kxf3 Kd4 37. Ke2 Ba5 38. g4 c4 39. h3 c3 40. Bb5 c2 0-1

[Event "15e Open International de Quenza"]
[Site "Quenza"]
[Date "2026.07.05"]
[Round "9.11"]
[White "RATIER-FONTANA, Matteo"]
[Black "DE SEROUX, Camille"]
[Result "1-0"]
[TimeControl "5min+3s"]
[WhiteTitle "-"]
[BlackTitle "WIM"]
[WhiteFideId "-"]
[BlackFideId "-"]
[WhiteElo "2368"]
[BlackElo "2076"]

1. Nf3 Nc6 2. d4 Nf6 3. Bf4 d6 4.
h3 g6 5.
e3 Bg7 6. Be2 O-O 7. O-O Qe8 8. Bh2 e5 9. c4 Nd7 10. Nc3 e4 11. Nd2 f5 12. b4 Nxb4 13. Qb3 Nc6 14. c5+ Kh8 15. cxd6 cxd6 16. Nb5 Qd8 17.
Nxd6 Qe7 18. Nb5 f4 19. Bxf4 Rxf4 20. exf4 a6 21. Qa3 Qf6 22. Nxe4 Qxf4 23. Nbd6 Nxd4 24. Nf7+ Qxf7 25. Bd1 Ne5 26.
Rc1 Bf5 27. Ng3 Re8 28. Qd6 Nec6 29. Bb3 Qe7 30. Qxe7 Rxe7 31. Bd5 Be6 32. Bxe6 Rxe6 33. Rb1 b5 34. Rfd1 Kg8 35. Kf1 Kf7 36.
a4 b4 37. a5 Re5 38. Ra1 Rxa5 39. Rac1 Ra2 40. Ne4 h6 41. Nd6+ Ke6 42. Nc4 Kd5 43. Ne3+ Ke4 44. Re1 Kf4 45. Nd5+ Kg5 46. Re4 Rc2 47. h4+ Kf5 48. Ree1 b3 49. Ne3+ Kf6 50. Nxc2 Nxc2 51. Red1 N2d4 1-0